[Event "Reykjavik Chess Congress 2020"]
[Site "Reykjavik"]
[Date "2020.01.05"]
[Round "1.1"]
[White "Gardarsson, Halldor"]
[Black "Kjartansson, Gudmundur"]
[Result "0-1"]
[ECO "B12"]
[WhiteElo "1804"]
[BlackElo "2453"]
[Annotator "ChessBase"]
[PlyCount "78"]
[EventDate "2020.01.05"]
[EventType "swiss"]
[EventCountry "ISL"]
[SourceTitle "playchess.com"]
[Source "ChessBase"]
[SourceQuality "1"]
[TimeControl "40/5400+30:900+30"]

1. e4 c6 2. c4 d5 3. e5 Bf5 4. d4 e6 5. Nc3 Ne7 6. Nf3 h6 7. Bd3 Bxd3 8. Qxd3 dxc4 9. Qxc4 Na6 10. a3 Nc7 11. Be3 Ned5 12. Nxd5 Nxd5 13. O-O Be7 14. Rac1 O-O 15. Rc2 Qb6 16. Qd3 Rfd8 17. Nd2 Rd7 18. Qb3 Rad8 19. Qxb6 axb6 20. Ne4 b5 21. Rfc1 Ra8 22. Nc5 Bxc5 23. Rxc5 Ra4 24. Kf1 Rd8 25. Rd1 Nb6 26. Ke2 b4 27. Rd3 Rda8 28. Rb3 bxa3 29. bxa3 R8a6 30. Bc1 Rxd4 31. Be3 Rd7 32. Rxc6 bxc6 33. Rxb6 Rxa3 34. Rxc6 Rd5 35. f4 g5 36. Rc4 g4 37. Bf2 Ra2+ 38. Ke3 Rdd2 39. Bh4 Re2+ 0-1

[Event "Reykjavik Chess Congress 2020"]
[Site "Reykjavik"]
[Date "2020.01.05"]
[Round "1.3"]
[White "Geirsson, Kristjan"]
[Black "Bjornsson, Sigurbjorn"]
[Result "0-1"]
[ECO "B76"]
[WhiteElo "1709"]
[BlackElo "2331"]
[Annotator "ChessBase"]
[PlyCount "36"]
[EventDate "2020.01.05"]
[EventType "swiss"]
[EventCountry "ISL"]
[SourceTitle "playchess.com"]
[Source "ChessBase"]
[SourceQuality "1"]
[TimeControl "40/5400+30:900+30"]

1. e4 c5 2. Nf3 d6 3. d4 cxd4 4. Nxd4 Nf6 5. Nc3 g6 6. Bc4 Bg7 7. Be3 Nc6 8. f3 O-O 9. a3 Bd7 10. Qd2 Rc8 11. Ba2 Ne5 12. O-O Nc4 13. Bxc4 Rxc4 14. Rad1 a6 15. Bh6 Rxd4 16. Qxd4 Bxh6 17. e5 dxe5 18. Qxe5 Qb6+ 0-1

[Event "Reykjavik Chess Congress 2020"]
[Site "Reykjavik"]
[Date "2020.01.05"]
[Round "1.5"]
[White "Helgason, Jon Thor"]
[Black "Briem, Stephan"]
[Result "1/2-1/2"]
[ECO "B01"]
[WhiteElo "1672"]
[BlackElo "2197"]
[Annotator "ChessBase"]
[PlyCount "82"]
[EventDate "2020.01.05"]
[EventType "swiss"]
[EventCountry "ISL"]
[SourceTitle "playchess.com"]
[Source "ChessBase"]
[SourceQuality "1"]
[TimeControl "40/5400+30:900+30"]

1. e4 d5 2. exd5 Qxd5 3. d4 Nf6 4. c4 Qd8 5. Be2 Bf5 6. Nf3 e6 7. Qb3 Qc8 8. Nc3 c6 9. Nh4 Bg6 10. d5 exd5 11. cxd5 Bd6 12. Bg5 Nbd7 13. dxc6 bxc6 14. Nxg6 hxg6 15. h3 O-O 16. O-O Rb8 17. Qc2 Nc5 18. Be3 Qc7 19. Bc4 Nfd7 20. Ne2 Ne5 21. b3 Nxc4 22. Qxc4 Ne6 23. Nd4 Nxd4 24. Bxd4 Rb4 25. Qc3 Rxd4 26. Qxd4 Bh2+ 27. Kh1 Be5 28. Qe3 Bxa1 29. Rxa1 Qa5 30. Qe1 Qa6 31. Qe7 Qb6 32. Qe3 Rd8 33. Rc1 Qxe3 34. fxe3 Rd6 35. Rc2 Kf8 36. Kg1 Ke7 37. Kf2 Kd7 38. Ke2 Kc7 39. Rc4 Kb6 40. Rd4 Rxd4 41. exd4 Kb5 1/2-1/2

[Event "Reykjavik Chess Congress 2020"]
[Site "Reykjavik"]
[Date "2020.01.05"]
[Round "1.6"]
[White "Olafsson, Thorvardur"]
[Black "Ulfljotsson, Jon"]
[Result "1-0"]
[ECO "B55"]
[WhiteElo "2188"]
[BlackElo "1672"]
[Annotator "ChessBase"]
[PlyCount "69"]
[EventDate "2020.01.05"]
[EventType "swiss"]
[EventCountry "ISL"]
[SourceTitle "playchess.com"]
[Source "ChessBase"]
[SourceQuality "1"]
[TimeControl "40/5400+30:900+30"]

1. e4 c5 2. Nf3 d6 3. d4 cxd4 4. Nxd4 Nf6 5. f3 e5 6. Nb3 Be6 7. c4 Nc6 8. Be3 a5 9. Nc3 Be7 10. Be2 O-O 11. O-O a4 12. Nd2 Qa5 13. Nd5 Bxd5 14. cxd5 Nd4 15. Nc4 Nxe2+ 16. Qxe2 Qa6 17. Rfe1 Nd7 18. Na3 Qxe2 19. Rxe2 Rfc8 20. Rc2 Rxc2 21. Nxc2 Rc8 22. Rc1 Bd8 23. Na3 Rxc1+ 24. Bxc1 Bb6+ 25. Kf1 Bc5 26. Nb5 Kf8 27. Ke2 Ke7 28. Bd2 Nb8 29. Nc3 a3 30. b3 Na6 31. Nb5 b6 32. h3 Kd7 33. Kd3 g6 34. Kc4 f5 35. b4 1-0

[Event "Reykjavik Chess Congress 2020"]
[Site "Reykjavik"]
[Date "2020.01.12"]
[Round "3.2"]
[White "Briem, Benedikt"]
[Black "Bjornsson, Sigurbjorn"]
[Result "0-1"]
[ECO "D00"]
[WhiteElo "1841"]
[BlackElo "2331"]
[Annotator "ChessBase"]
[PlyCount "74"]
[EventDate "2020.01.05"]
[EventType "swiss"]
[EventCountry "ISL"]
[SourceTitle "playchess.com"]
[Source "ChessBase"]
[SourceQuality "1"]
[TimeControl "40/5400+30:900+30"]

1. d4 Nf6 2. Nc3 d5 3. Bf4 c6 4. e3 Bf5 5. f3 e6 6. g4 Bg6 7. h4 h5 8. g5 Nfd7 9. Bd3 Bxd3 10. Qxd3 g6 11. Kf2 Qb6 12. Nge2 Be7 13. Bg3 c5 14. Na4 Qc6 15. Nxc5 Nxc5 16. dxc5 Bxc5 17. Be5 O-O 18. Nf4 Qa6 19. Qc3 Qb6 20. Rad1 Nc6 21. Bf6 Ne7 22. Bxe7 Bxe7 23. Qd3 Kg7 24. Rhg1 Rfc8 25. b3 Qc5 26. Rd2 b5 27. Ne2 b4 28. Qd4+ Qxd4 29. exd4 Rc6 30. Nf4 Rac8 31. Rc1 f6 32. Re2 Kf7 33. gxf6 Bxf6 34. Rd2 Bxh4+ 35. Ke3 Bg5 36. Rg2 Rc3+ 37. Ke2 Bxf4 0-1

[Event "Reykjavik Chess Congress 2020"]
[Site "Reykjavik"]
[Date "2020.01.12"]
[Round "3.4"]
[White "Mai, Aron Thor"]
[Black "Bjarnason, Olafur"]
[Result "1-0"]
[ECO "C45"]
[WhiteElo "2167"]
[BlackElo "1815"]
[Annotator "ChessBase"]
[PlyCount "83"]
[EventDate "2020.01.05"]
[EventType "swiss"]
[EventCountry "ISL"]
[SourceTitle "playchess.com"]
[Source "ChessBase"]
[SourceQuality "1"]
[TimeControl "40/5400+30:900+30"]

1. e4 e5 2. Nf3 Nc6 3. d4 exd4 4. Nxd4 Nxd4 5. Qxd4 d6 6. Nc3 a6 7. Bf4 Be6 8. O-O-O Ne7 9. f3 Nc6 10. Qd2 Qd7 11. Nd5 O-O-O 12. Qc3 f6 13. Kb1 Bxd5 14. exd5 Nb8 15. h4 Rg8 16. h5 Qf7 17. g4 Be7 18. Qd4 g6 19. h6 Rde8 20. Bd3 b6 21. a4 Kb7 22. a5 Rc8 23. Be3 Bd8 24. f4 Nd7 25. Qc4 Nb8 26. Bf1 Re8 27. Bf2 f5 28. g5 Re4 29. Rd4 Rxd4 30. Qxd4 Qd7 31. Rh3 c5 32. dxc6+ Qxc6 33. Qd2 Nd7 34. Bxb6 Nxb6 35. Bg2 d5 36. axb6 Kb8 37. Bxd5 Qc5 38. Ra3 Bxb6 39. Rxa6 Ba7 40. Ra5 Qg1+ 41. Ka2 Rc5 42. Qb4+ 1-0

[Event "Reykjavik Chess Congress 2020"]
[Site "Reykjavik"]
[Date "2020.01.12"]
[Round "3.5"]
[White "Kjartansson, David"]
[Black "Halldorsson, Bragi"]
[Result "1-0"]
[ECO "D36"]
[WhiteElo "2356"]
[BlackElo "2089"]
[Annotator "ChessBase"]
[PlyCount "149"]
[EventDate "2020.01.05"]
[EventType "swiss"]
[EventCountry "ISL"]
[SourceTitle "playchess.com"]
[Source "ChessBase"]
[SourceQuality "1"]
[TimeControl "40/5400+30:900+30"]

1. d4 c6 2. c4 d5 3. Nc3 Nf6 4. Nf3 e6 5. Bg5 Nbd7 6. cxd5 exd5 7. e3 Bd6 8. Bd3 O-O 9. Qc2 h6 10. Bh4 Re8 11. O-O Nf8 12. Rfe1 Bg4 13. Nd2 Be7 14. Rab1 a5 15. a3 Rc8 16. b4 axb4 17. axb4 Bh5 18. Bf5 Bg6 19. Bg3 Bd6 20. Na4 Bxg3 21. hxg3 Bxf5 22. Qxf5 b5 23. Nc5 Ne6 24. Ndb3 Ng5 25. Rec1 g6 26. Qf4 Nh5 27. Qg4 Nf6 28. Qe2 Nge4 29. Nd2 Nxd2 30. Qxd2 Ng4 31. Nd3 Qg5 32. Nf4 h5 33. Rb3 Nf6 34. Qe1 Ne4 35. Rb2 Nd6 36. Ra2 h4 37. gxh4 Qxh4 38. g3 Qe7 39. Qd1 Kg7 40. Qf3 Nc4 41. Nd3 Rh8 42. Rca1 Rh5 43. Ra7 Rc7 44. Ra8 Nd2 45. Qg2 Rf5 46. Nf4 Rxf4 47. gxf4 Qh4 48. R8a2 Ne4 49. f3 Nd6 50. Qh2 Qe7 51. Kf2 Nf5 52. Re2 Ra7 53. Rh1 Ra8 54. Qh7+ Kf6 55. Rc1 Rc8 56. e4 dxe4 57. fxe4 Nxd4 58. Qh4+ Ke6 59. Qh3+ Kd6 60. e5+ Kc7 61. Ra2 Rb8 62. Ra7+ Rb7 63. Ra8 Ne6 64. Qh8 Qd7 65. Rc8+ Kb6 66. R1xc6+ Qxc6 67. Rxc6+ Kxc6 68. Ke3 Kb6 69. Qa8 Nc7 70. Qa2 Ne6 71. Qa5+ Kc6 72. Qa6+ Rb6 73. Qc8+ Nc7 74. Qf8 Rb7 75. Qd6# {[%emt 0:00:00] Ne6 Qf8 Kc7 Qe7+ Kb8 Qf8+ Rb6} 1-0

[Event "Reykjavik Chess Congress 2020"]
[Site "Reykjavik"]
[Date "2020.01.12"]
[Round "3.6"]
[White "Thorisson, Benedikt"]
[Black "Briem, Stephan"]
[Result "0-1"]
[ECO "B90"]
[WhiteElo "1598"]
[BlackElo "2197"]
[Annotator "ChessBase"]
[PlyCount "112"]
[EventDate "2020.01.05"]
[EventType "swiss"]
[EventCountry "ISL"]
[SourceTitle "playchess.com"]
[Source "ChessBase"]
[SourceQuality "1"]
[TimeControl "40/5400+30:900+30"]

1. e4 c5 2. Nf3 d6 3. d4 cxd4 4. Nxd4 Nf6 5. Nc3 a6 6. f3 e5 7. Nb3 Be6 8. Be3 Be7 9. Qd2 O-O 10. O-O-O Nbd7 11. g4 b5 12. h4 b4 13. Nd5 Bxd5 14. exd5 Nb6 15. Na5 Nbxd5 16. Nc6 Qc7 17. Nxe7+ Nxe7 18. Qxd6 Rfc8 19. Qxc7 Rxc7 20. Rh2 Nfd5 21. Bg1 Nf4 22. Rhd2 h5 23. Rd7 Rac8 24. Rxc7 Rxc7 25. gxh5 Nf5 26. Bf2 Rc6 27. Rd8+ Kh7 28. Rb8 Rh6 29. Rxb4 Rxh5 30. Bxa6 Nxh4 31. Bb7 Nf5 32. Be4 g6 33. Bc5 Ng7 34. Rb7 Nge6 35. Bd6 Kg7 36. a4 Nd4 37. a5 Rh1+ 38. Kd2 Kh6 39. a6 f5 40. a7 fxe4 41. a8=Q Rh2+ 42. Kc3 Rxc2+ 43. Kb4 Nd3+ 44. Ka3 Rc1 45. Qh8+ Kg5 46. Be7+ Kf4 47. Qf8+ Kg3 48. Ka2 exf3 49. Qh6 Rd1 50. Bh4+ Kg2 51. Qxg6+ Kf1 52. Rg7 Nb4+ 53. Ka3 Nbc2+ 54. Qxc2 Nxc2+ 55. Kb3 Nd4+ 56. Kc4 Nf5 {[%emt 0:00:16] Kd4} 0-1

[Event "Reykjavik Chess Congress 2020"]
[Site "Reykjavik"]
[Date "2020.01.15"]
[Round "4.1"]
[White "Kjartansson, Gudmundur"]
[Black "Stefansson, Vignir Vatnar"]
[Result "1-0"]
[ECO "A20"]
[WhiteElo "2453"]
[BlackElo "2323"]
[Annotator "RC"]
[PlyCount "89"]
[EventDate "2020.01.05"]
[EventType "swiss"]
[EventCountry "ISL"]
[SourceTitle "playchess.com"]
[Source "ChessBase"]
[SourceQuality "1"]
[TimeControl "40/5400+30:900+30"]

1. c4 e5 2. g3 h5 3. Nf3 Nc6 4. Nc3 Be7 5. h4 Bc5 6. e3 d6 7. a3 Bg4 8. b4 Bb6 9. Bg2 Nge7 10. Qc2 a5 11. Rb1 axb4 12. axb4 Qd7 13. Ng5 f6 14. Nge4 Be6 15. d3 d5 16. cxd5 Nxd5 17. Nxd5 Bxd5 18. O-O Kf7 19. Bd2 Ra2 20. Rb2 Rxb2 21. Qxb2 Ra8 22. Ra1 Rxa1+ 23. Qxa1 Be6 24. Qd1 Bg4 25. Qc2 Be6 26. Bf3 Bg4 27. Qa2+ Kg6 28. Bxg4 Qxg4 29. Qa8 Qd7 30. Qxb7 Nd8 31. Qa6 Ne6 32. Qc4 c6 33. Nc3 Nc7 34. Qe4+ Kh6 35. Qc4 Nb5 36. Na4 Ba7 37. Kg2 Kh7 38. Nc3 Nd6 39. Qb3 g5 40. hxg5 fxg5 41. Qd1 g4 42. Qa1 Qf7 43. Qa6 Qc7 44. Kf1 Kg6 45. b5 1-0

[Event "Reykjavik Chess Congress 2020"]
[Site "Reykjavik"]
[Date "2020.01.15"]
[Round "4.4"]
[White "Briem, Stephan"]
[Black "Fridjonsson, Julius"]
[Result "0-1"]
[ECO "D10"]
[WhiteElo "2197"]
[BlackElo "2117"]
[Annotator "ChessBase"]
[PlyCount "136"]
[EventDate "2020.01.05"]
[EventType "swiss"]
[EventCountry "ISL"]
[SourceTitle "playchess.com"]
[Source "ChessBase"]
[SourceQuality "1"]
[TimeControl "40/5400+30:900+30"]

1. d4 d5 2. c4 c6 3. Nc3 Nf6 4. cxd5 cxd5 5. f3 Qb6 6. e4 dxe4 7. fxe4 e5 8. Bb5+ Nc6 9. d5 Bb4 10. Qd3 a6 11. Ba4 Qa5 12. Bd1 Nd4 13. Nge2 O-O 14. O-O Nxe2+ 15. Bxe2 Ne8 16. Be3 Bd7 17. Rac1 Rc8 18. Rfe1 Nd6 19. Qb1 Rc7 20. a3 Bc5 21. Bd3 Rfc8 22. Kh1 Bxa3 23. Ne2 Bb4 24. Rxc7 Rxc7 25. Rf1 Bc5 26. Bg5 f6 27. Bh4 Be3 28. Be1 Qa4 29. h3 Qb3 30. Bc3 Bb5 31. Ng3 Bf4 32. Nh5 Bh6 33. Rf3 Bc4 34. Qf1 Bxd3 35. Rxd3 Qc4 36. Qd1 Qxe4 37. Rg3 Kh8 38. Qb3 Qc4 39. Qa3 Qxd5 40. Qa4 Qc4 41. Qd1 Qe6 42. Rd3 Ne8 43. Rd8 Rc8 44. Rd7 b5 45. Rb7 Qc6 46. Re7 g6 47. Ng3 Bf8 48. Rf7 Kg8 49. Rd7 Nd6 50. Qg4 Qc4 51. Nh5 Ne8 52. Qg3 Qf1+ 53. Kh2 Qf5 54. Ra7 Qxh5 55. Qd3 Qf5 56. Qd5+ Kh8 57. Qf7 Ng7 58. Rxa6 Nh5 59. Ra7 Bg7 60. Rc7 Rf8 61. Qe7 Rg8 62. Qc5 Qf4+ 63. Kg1 Qc1+ 64. Kh2 Qf4+ 65. Kg1 Ng3 66. Rc8 Ne2+ 67. Kh1 h5 68. Rc6 Ng3+ 0-1

[Event "Reykjavik Chess Congress 2020"]
[Site "Reykjavik"]
[Date "2020.01.19"]
[Round "5.1"]
[White "Bjornsson, Sigurbjorn"]
[Black "Kjartansson, Gudmundur"]
[Result "1-0"]
[ECO "C48"]
[WhiteElo "2331"]
[BlackElo "2453"]
[Annotator "ChessBase"]
[PlyCount "101"]
[EventDate "2020.01.05"]
[EventType "swiss"]
[EventCountry "ISL"]
[SourceTitle "playchess.com"]
[Source "ChessBase"]
[SourceQuality "1"]
[TimeControl "40/5400+30:900+30"]

1. e4 e5 2. Nf3 Nc6 3. Nc3 Nf6 4. Bb5 Bd6 5. O-O O-O 6. d3 Ne7 7. d4 Ng6 8. dxe5 Nxe5 9. Nxe5 Bxe5 10. Bd3 Re8 11. Bg5 c6 12. Kh1 Qc7 13. f4 Bxc3 14. e5 Bxe5 15. fxe5 Qxe5 16. Bxf6 gxf6 17. Rf5 Qxb2 18. Rb1 Qd4 19. Qh5 d5 20. Rf3 f5 21. Rh3 Kf8 22. Qh6+ Ke7 23. Re3+ Be6 24. c3 Qa4 25. Bxf5 Kd6 26. Rbe1 Kc7 27. Bxe6 Rxe6 28. Rxe6 fxe6 29. Qg7+ Kd6 30. Qe5+ Kc5 31. Qe3+ Kb5 32. Qe2+ Qc4 33. Qb2+ Ka5 34. Qxb7 Rg8 35. Rb1 Qc5 36. Qc7+ Ka6 37. Qb7+ Ka5 38. Qc7+ Ka6 39. Qf7 Rf8 40. Qb7+ Ka5 41. Qc7+ Ka4 42. Qxh7 Rf2 43. Qh4+ Ka5 44. h3 e5 45. Qd8+ Ka4 46. Qc8 a5 47. Qg4+ Qc4 48. Qd1+ Ka3 49. Rb3+ Ka4 50. Rb4+ Ka3 51. Qa4# 1-0

[Event "Reykjavik Chess Congress 2020"]
[Site "Reykjavik"]
[Date "2020.01.19"]
[Round "5.3"]
[White "Mai, Aron Thor"]
[Black "Ragnarsson, Johann"]
[Result "0-1"]
[ECO "B11"]
[WhiteElo "2167"]
[BlackElo "1946"]
[Annotator "ChessBase"]
[PlyCount "42"]
[EventDate "2020.01.05"]
[EventType "swiss"]
[EventCountry "ISL"]
[SourceTitle "playchess.com"]
[Source "ChessBase"]
[SourceQuality "1"]
[TimeControl "40/5400+30:900+30"]

1. e4 c6 2. Nc3 d5 3. Nf3 Bg4 4. h3 Bxf3 5. Qxf3 dxe4 6. Nxe4 Nd7 7. Bc4 Ne5 8. Qb3 Nxc4 9. Qxc4 Qd5 10. Qe2 f5 11. Ng3 Qxg2 12. d3 Qd5 13. c4 Qd7 14. Bf4 O-O-O 15. Qe5 Qd6 16. Qe3 Qxd3 17. Qxa7 e5 18. Qa8+ Kd7 19. Qxb7+ Ke6 20. Qxc6+ Kf7 21. Bg5 Bb4+ 0-1

[Event "Reykjavik Chess Congress 2020"]
[Site "Reykjavik"]
[Date "2020.01.19"]
[Round "5.4"]
[White "Baldursson, Haraldur"]
[Black "Hardarson, Petur Palmi"]
[Result "0-1"]
[ECO "D00"]
[WhiteElo "1902"]
[BlackElo "2027"]
[Annotator "NA"]
[PlyCount "119"]
[EventDate "2020.01.05"]
[EventType "swiss"]
[EventCountry "ISL"]
[SourceTitle "playchess.com"]
[Source "ChessBase"]
[SourceQuality "1"]
[TimeControl "40/5400+30:900+30"]

1. d4 Nf6 2. Nf3 g6 3. Nc3 d5 4. Bf4 Bg7 5. e3 Bg4 6. Bd3 {[%emt 0:04:40] D00: 1 d4 d5: Unusual lines} (6. Nb5 Na6 7. h3 Bxf3 8. Qxf3 c6 9. Na3 O-O 10. c3 Qb6 11. Rb1 Nd7 12. Bxa6 Qxa6 13. Qe2 Qa5 {0-1 (63) Repka,C (2473)-Kozul,Z (2619) Sibenik 2016}) 6... O-O 7. h3 Bxf3 8. Qxf3 e6 9. g4 $146 ({Predecessor:} 9. O-O Nbd7 10. a4 c5 11. dxc5 e5 12. Bg5 e4 13. Qe2 exd3 14. Qxd3 Nxc5 {0-1 (54) Linkevicius,V-Viliusis,N (1097) Kaunas 2017}) 9... c5 10. dxc5 Ne8 11. e4 d4 12. Ne2 Qa5+ 13. Kf1 Qxc5 14. h4 Nc6 15. h5 g5 16. h6 Bf6 17. Rh5 Ne5 18. Bxe5 Qxe5 19. Qg3 Qxg3 20. Nxg3 Kh8 21. Kg2 Rg8 22. Re1 Be5 23. Ne2 Nf6 24. Rhh1 Nxg4 25. f3 Ne3+ 26. Kf2 Bf6 27. e5 Bxe5 28. c3 Nd5 29. cxd4 Bc7 30. Rc1 Bb6 31. Rc4 f5 32. a4 g4 33. b4 a5 34. bxa5 Rxa5 (34... Bxa5 $17 35. Rc2 Bb6 36. fxg4 fxg4) 35. fxg4 fxg4 36. Rhc1 Raa8 37. Be4 Raf8+ 38. Kg1 Rf6 39. Rc8 Rgf8 40. Bxd5 exd5 41. Rxf8+ Rxf8 42. Rb1 Rf6 43. a5 Bxa5 44. Rxb7 Rxh6 45. Rb5 Bc7 46. Rxd5 Rg6 47. Kg2 h6 48. Ng3 Rc6 49. Rc5 $2 (49. Nf5 $15) 49... Rxc5 50. dxc5 Kh7 51. Nf5 h5 (51... Kg6 $5 52. Ne3 $8 Kg5 $11) 52. Ne3 Kg6 53. c6 Be5 54. Nd5 h4 (54... Kf5 $5 55. c7 $8 Bxc7 56. Nxc7 h4 $11) 55. c7 h3+ 56. Kh1 {[%emt 0:01:46] [#]} (56. Kg1 $11 Bxc7 57. Nxc7) 56... g3 $1 57. Ne7+ (57. c8=Q $17 g2+ 58. Kg1 Bd4+ 59. Kh2 g1=Q+ 60. Kxh3) 57... Kg5 58. c8=Q g2+ 59. Kg1 Bd4+ 60. Kh2 0-1

[Event "Reykjavik Chess Congress 2020"]
[Site "Reykjavik"]
[Date "2020.01.19"]
[Round "5.6"]
[White "Briem, Benedikt"]
[Black "Briem, Stephan"]
[Result "1-0"]
[ECO "A44"]
[WhiteElo "1841"]
[BlackElo "2197"]
[Annotator "ChessBase"]
[PlyCount "59"]
[EventDate "2020.01.05"]
[EventType "swiss"]
[EventCountry "ISL"]
[SourceTitle "playchess.com"]
[Source "ChessBase"]
[SourceQuality "1"]
[TimeControl "40/5400+30:900+30"]

1. d4 Nf6 2. Nc3 c5 3. d5 e5 4. g3 d6 5. Bg2 Be7 6. e4 Nbd7 7. Nge2 Nf8 8. O-O Ng6 9. h3 O-O 10. Qd3 Ne8 11. g4 Bg5 12. Bxg5 Qxg5 13. Qg3 Bd7 14. a4 Nf6 15. f4 exf4 16. Nxf4 Ne5 17. Nd3 h5 18. Nb5 Ne8 19. Nxd6 Nxd3 20. cxd3 hxg4 21. Nxb7 Qh6 22. Nxc5 Bc8 23. hxg4 Bxg4 24. Rf4 Bh5 25. Nd7 Rc8 26. Raf1 Qd6 27. Nxf8 Qxf8 28. Rh4 Bg6 29. Qh3 Qc5+ 30. d4 1-0

[Event "Reykjavik Chess Congress 2020"]
[Site "Reykjavik"]
[Date "2020.01.22"]
[Round "6.2"]
[White "Kjartansson, Gudmundur"]
[Black "Ragnarsson, Johann"]
[Result "*"]
[ECO "A07"]
[WhiteElo "2453"]
[BlackElo "1946"]
[Annotator "RC"]
[PlyCount "57"]
[EventDate "2020.01.05"]
[EventType "swiss"]
[EventCountry "ISL"]
[SourceTitle "playchess.com"]
[Source "ChessBase"]
[SourceQuality "1"]
[TimeControl "40/5400+30:900+30"]

1. Nf3 d5 2. g3 Nf6 3. Bg2 Bf5 4. c4 d4 5. d3 Nc6 6. b4 e6 7. a3 Bg4 8. b5 Bxf3 9. Bxf3 Na5 10. Qa4 b6 11. Bd2 Bd6 12. Bxa5 bxa5 13. Bc6+ Kf8 14. Nd2 Rb8 15. Nb3 Ng4 16. Qxa5 h5 17. Qxa7 h4 18. Qxd4 hxg3 19. Qxg4 Qf6 20. hxg3 Rxh1+ 21. Bxh1 Qc3+ 22. Kf1 Qxb3 23. Qd4 f6 24. a4 Kg8 25. Qe3 Qb2 26. Qxe6+ Kh8 27. Qh3+ Kg8 28. Bd5+ Kf8 29. Qe6 *

[Event "Reykjavik Chess Congress 2020"]
[Site "Reykjavik"]
[Date "2020.01.26"]
[Round "7.1"]
[White "Bjornsson, Sigurbjorn"]
[Black "Stefansson, Vignir Vatnar"]
[Result "1-0"]
[ECO "B01"]
[WhiteElo "2331"]
[BlackElo "2323"]
[Annotator "NA"]
[PlyCount "151"]
[EventDate "2020.01.05"]
[EventType "swiss"]
[EventCountry "ISL"]
[SourceTitle "playchess.com"]
[Source "ChessBase"]
[SourceQuality "1"]
[TimeControl "40/5400+30:900+30"]

1. e4 d5 2. exd5 Qxd5 3. Nc3 Qd6 4. d4 Nf6 5. Nf3 c6 6. Ne5 Nbd7 7. Nc4 Qc7 8. Qf3 Nb6 9. h3 Be6 10. Bf4 Qd8 11. Nxb6 Qxb6 12. O-O-O Qa5 13. a3 Nd5 14. Nxd5 Bxd5 15. Qg3 b5 16. Bd2 Qd8 17. Bd3 e6 18. Rhe1 a5 19. f4 Qc7 20. Qg4 h5 21. Qg5 Qe7 22. Qg3 b4 23. a4 h4 24. Qg4 g6 25. f5 gxf5 26. Bxf5 O-O-O 27. Bd3 Bh6 28. Ba6+ Kd7 29. Bxh6 Rxh6 30. Bd3 Rhh8 31. Qe2 Qg5+ 32. Rd2 Rdg8 33. Be4 Bxe4 34. Qxe4 Qd5 35. Qf4 Rh7 36. Kb1 Qg5 37. Qf2 Qg3 38. Qf1 Rg5 39. Rf2 Ke7 40. Re4 b3 41. Ref4 f5 42. Qa6 Qe3 43. cxb3 Qxb3 44. Qxa5 Kf7 45. R4f3 Qd1+ 46. Ka2 Kg6 47. Re3 Qxd4 48. Rxe6+ Kh5 49. Qe1 Qd5+ 50. b3 Rg3 51. Rxf5+ Qxf5 52. Re5 Rf7 53. Qd1+ Kg6 54. Rxf5 Rxf5 55. Qd6+ Rf6 56. Qd4 Kg5 57. Qe5+ Kg6 58. Ka3 Rg5 59. Qe4+ Kh5 60. Qe8+ Rfg6 61. Qh8+ Rh6 62. Qe8+ Rhg6 63. Qe2+ Kh6 64. Qe3 Kh5 65. Qf3+ Kh6 66. Qf8+ Kh5 67. Qf3+ Kh6 68. Qf4 Kh5 69. Qc7 Rxg2 70. Qh7+ Kg5 71. a5 c5 72. Qe7+ Kh5 73. Qxc5+ R2g5 74. Qc3 Rg3 75. Qh8+ Kg5 76. Qc8 1-0

[Event "Reykjavik Chess Congress 2020"]
[Site "Reykjavik"]
[Date "2020.01.26"]
[Round "7.2"]
[White "Hardarson, Petur Palmi"]
[Black "Kjartansson, Gudmundur"]
[Result "1/2-1/2"]
[ECO "A50"]
[WhiteElo "2027"]
[BlackElo "2453"]
[Annotator "ChessBase"]
[PlyCount "165"]
[EventDate "2020.01.05"]
[EventType "swiss"]
[EventCountry "ISL"]
[SourceTitle "playchess.com"]
[Source "ChessBase"]
[SourceQuality "1"]
[TimeControl "40/5400+30:900+30"]

1. d4 Nf6 2. Nf3 b6 3. g3 Bb7 4. Bg2 g6 5. O-O Bg7 6. c4 O-O 7. Nc3 Ne4 8. Nxe4 Bxe4 9. Be3 d6 10. Qd2 Nd7 11. Bh6 c5 12. Bxg7 Kxg7 13. b3 Qc7 14. d5 Nf6 15. Bh3 Bxf3 16. exf3 b5 17. Rfe1 bxc4 18. bxc4 Rab8 19. Rab1 Rxb1 20. Rxb1 Rb8 21. Rb3 Rxb3 22. axb3 Qb6 23. Qe3 Ng8 24. Bd7 Qb7 25. Bh3 Qa6 26. Qc3+ Nf6 27. Bd7 Qa2 28. Ba4 Qb1+ 29. Kg2 Qf5 30. Qa5 g5 31. g4 Qe5 32. Qxa7 h5 33. h3 hxg4 34. hxg4 Nh7 35. Bd7 Nf6 36. Bf5 Ng8 37. Qa2 Nh6 38. Bb1 Ng8 39. Qc2 Nf6 40. Qf5 Qf4 41. Kh3 Qc1 42. Kg2 Qf4 43. Kh3 Qc1 44. Kg2 Kh6 45. Bc2 Qd2 46. Qd3 Qxd3 47. Bxd3 e5 48. dxe6 fxe6 49. Kg3 e5 50. Bf5 d5 51. cxd5 Nxd5 52. Kg2 Kg7 53. Kf1 Nc3 54. Bd3 Kf6 55. Ke1 Nd5 56. Kd2 Ke7 57. Bc4 Nf6 58. Ke3 Kd6 59. Kd3 e4+ 60. fxe4 Nxg4 61. Ke2 Ke5 62. f3 Nf6 63. Ke3 Ne8 64. Bf1 Nd6 65. Bc4 Nb7 66. Bb5 Na5 67. Bc4 Nc6 68. Bg8 Nb4 69. Bc4 Nc2+ 70. Kd2 Nd4 71. Ke3 Nc6 72. Bg8 Ne7 73. Bc4 Ng6 74. Be2 Nf4 75. Bf1 Ne6 76. Bc4 Nd4 77. Bg8 Nb5 78. Bc4 Nd6 79. Bg8 Ne8 80. Bf7 Nd6 81. Bc4 Ne8 82. Bf7 Nd6 83. Bc4 1/2-1/2

[Event "Reykjavik Chess Congress 2020"]
[Site "Reykjavik"]
[Date "2020.01.26"]
[Round "7.3"]
[White "Mai, Aron Thor"]
[Black "Kjartansson, David"]
[Result "0-1"]
[ECO "B46"]
[WhiteElo "2167"]
[BlackElo "2356"]
[Annotator "NA"]
[PlyCount "64"]
[EventDate "2020.01.05"]
[EventType "swiss"]
[EventCountry "ISL"]
[SourceTitle "playchess.com"]
[Source "ChessBase"]
[SourceQuality "1"]
[TimeControl "40/5400+30:900+30"]

1. e4 c5 2. Nf3 e6 3. d4 cxd4 4. Nxd4 Nc6 5. Nc3 a6 6. Nxc6 bxc6 7. Bd3 d5 8. O-O Nf6 9. Re1 Be7 10. e5 Nd7 11. Qg4 g6 12. Bh6 Rb8 13. Nd1 Rb4 14. c4 dxc4 15. a3 Rb5 16. Bf1 Rxe5 17. Ne3 Rh5 18. Bg7 Rg8 19. Bc3 Qc7 20. f4 Rh4 21. Qe2 g5 22. Nf5 Bc5+ 23. Kh1 Rxh2+ 24. Kxh2 Qxf4+ 25. g3 Qxf5 26. Qxc4 Rg6 27. Bd4 Qf3 28. Bg2 Rh6+ 29. Kg1 Bxd4+ 30. Qxd4 Qxg3 31. Rad1 Qh2+ 32. Kf1 Rf6+ 0-1

[Event "Reykjavik Chess Congress 2020"]
[Site "Reykjavik"]
[Date "2020.01.26"]
[Round "7.4"]
[White "Karlsson, Mikael Johann"]
[Black "Mai, Alexander Oliver"]
[Result "0-1"]
[ECO "C20"]
[WhiteElo "2155"]
[BlackElo "1958"]
[Annotator "NA"]
[PlyCount "100"]
[EventDate "2020.01.05"]
[EventType "swiss"]
[EventCountry "ISL"]
[SourceTitle "playchess.com"]
[Source "ChessBase"]
[SourceQuality "1"]
[TimeControl "40/5400+30:900+30"]

1. e4 e5 2. c4 Nc6 3. g3 Bc5 4. Nc3 Nf6 5. d3 d6 6. Be3 Nd4 7. Bg2 Ng4 8. Nf3 Nxe3 9. fxe3 Nxf3+ 10. Qxf3 Be6 11. O-O Qg5 12. Rfe1 O-O 13. a3 a5 14. Na4 Ba7 15. b4 Bg4 16. Qf2 f5 17. c5 fxe4 18. Qa2+ Kh8 19. Bxe4 Bd7 20. Nb2 dxc5 21. bxa5 c4 22. Nxc4 Be6 23. Qd2 Bxc4 24. dxc4 Rad8 25. Qc3 Rf4 26. Qc2 Rf6 27. c5 h5 28. Rad1 Rdf8 29. Re2 h4 30. Kg2 Qg4 31. Rde1 hxg3 32. hxg3 Rh6 33. Rf2 Qh3+ 34. Kg1 Qxg3+ 35. Bg2 Rh1+ 36. Kxh1 Rxf2 37. Qe4 Rxg2 38. Qxg2 Qxe1+ 39. Kh2 Qxe3 40. Qxb7 Qf2+ 41. Kh3 Bxc5 42. Qxc7 e4 43. a6 Qf3+ 44. Kh2 Qf2+ 45. Kh3 Qf1+ 46. Kh2 Bg1+ 47. Kg3 Qf3+ 48. Kh4 Bf2+ 49. Kg5 Be3+ 50. Kh4 g5# 0-1